 Dungeon Crawl Stone Soup version 0.31-a0-455-g1a7b003ef0 (webtiles) character file.

Game seed: 10702544400278305093

86 LeprechaunX the Ruffian (level 4, -2/29 HPs)
             Began as an Octopode Shapeshifter on Aug 3, 2023.
             Slain by an orc
             ... wielding a +0 whip
              (5 damage)
             ... on level 3 of the Dungeon.
             The game lasted 00:01:35 (1698 turns).

LeprechaunX the Ruffian (Octopode Shapeshifter)     Turns: 1698, Time: 00:01:36

Health: -2/29      AC:  1    Str: 16    XL:     4   Next: 49%
Magic:  4/4        EV: 13    Int: 10    God:
Gold:   111        SH:  0    Dex: 12    Spells: 3/3 levels left

rFire   . .          .
                       - Unarmed
rCold   . . .        (no shield)
rNeg    + . .        (helmet currently unavailable)
rPois   .            (no amulet)
rElec   .            i - ring of positive energy
rCorr   .            (no ring)
SInv    .            (no ring)
Will    .....        (no ring)
Stlth   ++           (no ring)
HPRegen 0.24/turn    (no ring)
MPRegen 0.09/turn    (no ring)
                     (no ring)

%: no passive effects
@: beast-form
A: beast (slay +2), almost no armour, amphibious, 8 rings, camouflage 1,
gelatinous body 1, (nimble swimmer 1), tentacles
a: Begin Untransformation


You were on level 3 of the Dungeon.
You were a hulking beast.
You visited 1 branch of the dungeon, and saw 3 of its levels.

You collected 111 gold pieces.

Inventory:

Missiles
 h - 5 boomerangs (quivered)
Jewellery
 i - a ring of positive energy (left tentacle)
Talismans
 b - a beast talisman (active)
Scrolls
 c - a scroll of blinking {unknown}
 e - a scroll of revelation {unknown}
 f - 2 scrolls of enchant weapon {unknown}
 g - a scroll of identify {unknown}
Potions
 a - 2 potions of lignification
 d - a potion of curing
 j - a potion of degeneration {unknown}
 k - a potion of berserk rage {unknown}


   Skills:
 + Level 2.0 Fighting
 + Level 2.6 Dodging
 * Level 4.0 Unarmed Combat
 + Level 3.3 Shapeshifting


You had 3 spell levels left.
You didn't know any spells.
Your spell library contained the following spells:

 Spells                   Type           Power      Damage    Failure   Level
 Sublimation of Blood     Necr           0%         N/A       50%         2
 Call Canine Familiar     Summ           0%         N/A       75%         3
 Portal Projectile        Hex/Tloc       0%         N/A       75%         3
 Leda's Liquefaction      Hex/Erth       0%         N/A       98%         4
 Petrify                  Tmut/Erth      0%         N/A       98%         4
 Irradiate                Conj/Tmut      0%         3d11      100%        5


Dungeon Overview and Level Annotations

Branches:
Dungeon (3/15)

Altars:
Elyvilon

Annotations:
D:3 Sigmund


Innate Abilities, Weirdness & Mutations

You are a hulking beast.
Your limbs bulge with bestial killing power. (Slay +2)
You cannot wear most types of armour.
You are amphibious.
You can wear up to eight rings at the same time.
Your skin changes colour to match your surroundings (Stealth+).
Your rubbery body absorbs attacks. (AC +1, EV +1)
((You are camouflaged when in or above water. (Stealth+)))
You have tentacles for arms and can constrict up to eight enemies at once.


Message History

The kobold shouts!
There are monsters nearby!
There are monsters nearby!
The orc wizard gestures at you while chanting.
The puff of flame hits you.
The kobold throws a stone.
The stone hits you.
You start resting.
A kobold is nearby!
A kobold is nearby!
You tentacle-slap the kobold.
You kill the kobold!
Things that are here:
a +0 dagger; a stone The orc wizard casts a spell at you.
The puff of flame hits you!
You barely miss the orc wizard. Your grab misses the orc wizard.
You squeeze the orc wizard!
The orc wizard is heavily wounded.
The orc wizard hits you with a +0 dagger.
You tentacle-slap the orc wizard. You grab the orc wizard.
The orc wizard is almost dead.
You constrict the orc wizard.
The orc wizard points at you and mumbles some strange words.
The magic dart hits you!
* * * LOW HITPOINT WARNING * * *
You tentacle-slap the orc wizard.
You kill the orc wizard!
Your Fighting skill increases to level 2!
Your Unarmed Combat skill increases to level 4!
You barely miss the orc. Your grab misses the orc. The orc closely misses you.
You tentacle-slap the orc. You grab the orc.
The orc is lightly wounded.
You constrict the orc, but do no damage.
The orc hits you with a +0 whip.
* * * LOW HITPOINT WARNING * * *
You tentacle-slap the orc.
The orc is severely wounded.
You constrict the orc, but do no damage.
The orc hits you with a +0 whip.
You die...

.............#
...##.#####..# #.###^#
#..###### #
#.###.#####.......####.#
....................[..###
....#.######..............
....#.######.###..####....
............# #)## #
..######## #h# #o# #.#
#...K.... #..###### #..#
#..# #..# #..#


You could see an orc.

Vanquished Creatures
  An orc wizard (D:3)
  2 adders (D:3)
  8 endoplasms
  3 giant cockroaches
  4 goblins (D:1)
  2 hobgoblins
  3 jackals (D:2)
  3 kobolds
  2 quokkas
  2 bats
  3 frilled lizards
  6 rats
39 creatures vanquished.

Notes
Turn   | Place    | Note
-------+----------+-------------------------------------------
     0 | D:1      | LeprechaunX the Octopode Shapeshifter began the quest for
                  | the Orb.
     0 | D:1      | Reached XP level 1. HP: 13/13 MP: 1/1
   170 | D:1      | Reached XP level 2. HP: 18/18 MP: 2/2
   999 | D:2      | Reached XP level 3. HP: 22/23 MP: 3/3
  1353 | D:3      | Found a white marble altar of Elyvilon.
  1379 | D:3      | Noticed Sigmund
  1390 | D:3      | HP: 1/24 [something (4)]
  1608 | D:3      | Reached XP level 4. HP: 25/29 MP: 4/4
  1696 | D:3      | Reached skill level 4 in Unarmed Combat
  1698 | D:3      | Slain by an orc

Illustrated notes

Levels and vault maps discovered:
D:1:      mushboom_english_gardens, layout_basic
D:2:      layout_loops_ring, nrook_mini_vaults
D:3:      layout_loops_ring, nicolae_elyvilon_temple_path,
          gammafunk_ghost_stat_death, uniq_sigmund

Skill      XL: |  1  2  3  4 |
---------------+-------------+-----
Fighting       | 2 |  2.0
Unarmed Combat | 4 |  4.0
Dodging        | |  2.6
Shapeshifting  | |  3.3

Action                     |  1- 3 |  4- 6 || total
---------------------------+-------+-------++-------
  Melee: Unarmed           |    69 |    11 ||    80
         Constrict         |    12 |     2 ||    14
         Tentacles         |    10 |     3 ||    13
  Throw: Boomerang         |     1 |       ||     1
    Use: Potion            |     1 |       ||     1
   Stab: Sleeping          |     6 |     1 ||     7
 Armour: Skin              |     6 |     1 ||     7
  Dodge: Dodged            |    35 |     2 ||    37

Table legend: (Time is in decaauts)
 A = Elapsed time spent in this place.
 B = Non-inter-level travel time spent in this place.
 C = Inter-level travel time spent in this place.
 D = Time resting spent in this place.
 E = Time spent auto-exploring this place.
 F = Levels seen in this place.
 G = Mean time per level.
                   A        B        C        D        E       F      G
               +--------+--------+--------+--------+--------+-----+--------+
         Total |   1693 |   1627 |     66 |     69 |   1296 |   3 |  564.3 |
       Dungeon |   1693 |   1627 |     66 |     69 |   1296 |   3 |  564.3 |
               +--------+--------+--------+--------+--------+-----+--------+

Top non-repeatable levels by time:
     D:1: 682 daAuts
     D:2: 626 daAuts
     D:3: 384 daAuts
